 Dungeon Crawl Stone Soup version 0.31-a0-198-g2ad674f65e (webtiles) character file.

Game seed: 6806843140690859614

637 qw the Skirmisher (level 7, -11/40 HPs)
             Began as a Deep Elf Hunter on June 25, 2023.
             Mangled by Edmund
             ... wielding a +0 dire flail of protection
              (14 damage)
             ... on level 5 of the Dungeon.
             The game lasted 00:01:18 (2812 turns).

qw the Skirmisher (Deep Elf Hunter)                 Turns: 2812, Time: 00:01:18

Health: -11/40     AC:  6    Str: 10    XL:     7   Next: 25%
Magic:  9/9        EV: 11    Int: 14    God:
Gold:   102        SH:  0    Dex: 18    Spells: 6/6 levels left

rFire   . . .        Y - +0 shortbow
rCold   . . .        (shield currently unavailable)
rNeg    . . .        a - +0 ring mail
rPois   .            (no helmet)
rElec   .            (no cloak)
rCorr   .            d - +0 pair of gloves
SInv    .            (no boots)
Will    .....        (no amulet)
Stlth   +            (no ring)
HPRegen 0.26/turn    (no ring)
MPRegen 0.11/turn

%: no passive effects
@: no status effects
A: no striking features
a: no special abilities


You were on level 5 of the Dungeon.
You visited 1 branch of the dungeon, and saw 5 of its levels.

You collected 102 gold pieces.


   Skills:
 - Level 2.0 Fighting
 + Level 11.0 Ranged Weapons
 - Level 1.1 Armour
 - Level 3.0 Dodging
 - Level 1.2 Stealth


You had 6 spell levels left.
You didn't know any spells.
Your spell library was empty.

Inventory:

Hand Weapons
 Y - a +0 shortbow (weapon)
Armour
 a - a +0 ring mail (worn)
 d - a +0 pair of gloves (worn)
Scrolls
 c - a scroll of amnesia {unknown}
Potions
 b - a potion of lignification {unknown}
 e - a potion of enlightenment {unknown}
 f - a potion of haste {unknown}
 g - a potion of berserk rage {unknown}

Dungeon Overview and Level Annotations

Branches:
Dungeon (4/15)
 Temple: D:4-7

Altars:
Elyvilon
Ru
Sif Muna

Shops:
D:1 *

Annotations:
D:5 Edmund


Message History

You feel very sick. The scorpion closely misses you.
You shoot an arrow. The arrow barely misses the scorpion.
You feel very sick. The scorpion closely misses you.
You shoot an arrow. The arrow hits the scorpion!
You kill the scorpion!
You feel very sick.
Your Ranged Weapons skill increases to level 11!
You start resting.
You feel very sick.
You start resting.
You feel sick. x4
Edmund the Younger comes into view.
He is wielding a +0 dire flail of protection and wearing a +1 chain mail of cold resistance.
You shoot an arrow. The arrow closely misses Edmund.
Edmund shouts!
You feel sick.
You shoot an arrow. The arrow hits Edmund.
Edmund is lightly wounded.
You feel sick.
You shoot an arrow. The arrow barely misses Edmund.
You feel sick.
You shoot an arrow.
The arrow hits Edmund but does no damage.
Edmund is lightly wounded.
You feel sick.
You are no longer poisoned.
You shoot an arrow.
The arrow hits Edmund but does no damage.
Edmund is lightly wounded.
You shoot an arrow. The arrow barely misses Edmund.
Edmund mutters, "Who needs spells, anyway?"
You shoot an arrow.
The arrow hits Edmund but does no damage.
Edmund is lightly wounded.
Edmund misses you.
You shoot an arrow. The arrow hits Edmund!
Edmund is moderately wounded.
Edmund hits you with a +0 dire flail of protection!
You die...

#..........
##....(....
......... .......
..... ... ###%#
#..@# #.@.#
#########...#
#...........#
#...........#
#...........#
#......##...#
#......##...#
#......##[..##+####


You could see Edmund.

Vanquished Creatures
  Grinder (D:3)
  A black bear (D:5)
  A scorpion (D:5)
  A jelly (D:3)
  A hound (D:3)
  Natasha (thrice) (D:3)
  6 adders
  A worm (D:2)
  A dart slug (D:2)
  7 ball pythons
  6 bats
  6 endoplasms
  2 giant cockroaches (D:2)
  8 goblins
  11 hobgoblins
  2 quokkas
  4 frilled lizards
  8 kobolds
  5 rats
75 creatures vanquished.

Notes
Turn   | Place    | Note
-------+----------+-------------------------------------------
     0 | D:1      | qw the Deep Elf Hunter began the quest for the Orb.
     0 | D:1      | Reached XP level 1. HP: 12/12 MP: 3/3
     0 | D:1      | 0 ||| qw: Version: 0.3-a-22-g0ed2b0b
     0 | D:1      | 0 ||| qw: Game counter: 5133
     0 | D:1      | 0 ||| qw: Melee chars always use a shield: true
     0 | D:1      | 0 ||| qw: God list: Okawaru
     0 | D:1      | 0 ||| qw: Allow faded altars: false
     0 | D:1      | 0 ||| qw: Do Orc after clearing Dungeon:15 true
     0 | D:1      | 0 ||| qw: Do second Lair branch before Depths: true
     0 | D:1      | 0 ||| qw: Lair rune preference: random
     0 | D:1      | 0 ||| qw: Goals: Normal
     0 | D:1      | 0 ||| PLANNING D:1-11
   226 | D:1      | Reached skill level 6 in Ranged Weapons
   226 | D:1      | Reached XP level 2. HP: 16/16 MP: 4/4
   289 | D:1      | Found Tiorien's General Store.
   295 | D:1      | 295 ||| SHOPLISTING +2 robe of Liberalism {rElec rC++ rCorr
                  | Str-4} (512 gold, have 0).
   295 | D:1      | 295 ||| SHOPLISTING scroll of enchant weapon (97 gold, have
                  | 0).
   295 | D:1      | 295 ||| SHOPLISTING scroll of identify (26 gold, have 0).
   595 | D:1      | 595 ||| DROPPING amulet of magic regeneration.
   596 | D:1      | 596 ||| READING scroll labelled MUFELIKUOPP.
   600 | D:1      | 600 ||| READING scroll labelled TINKUD NIBAO.
   601 | D:1      | 601 ||| DRINKING 2 yellow potions.
   602 | D:1      | 602 ||| DROPPING scroll of butterflies.
   603 | D:1      | 603 ||| DROPPING potion of attraction.
   628 | D:2      | 628 ||| STAIRDANCE
   634 | D:1      | Reached XP level 3. HP: 12/20 MP: 5/5
   690 | D:2      | 690 ||| FLEEEEING.
   691 | D:2      | 691 ||| FLEEEEING.
   692 | D:2      | 692 ||| STAIRDANCE
   712 | D:2      | 712 ||| STAIRDANCE
   753 | D:2      | Reached skill level 7 in Ranged Weapons
   837 | D:2      | Reached XP level 4. HP: 15/25 MP: 6/6
  1411 | D:2      | 1411 ||| UPGRADING to +0 ring mail.
  1421 | D:2      | 1421 ||| DROPPING +0 leather armour.
  1422 | D:2      | 1422 ||| UPGRADING to +0 pair of gloves.
  1427 | D:2      | 1427 ||| READING scroll labelled RAOSELOINI.
  1438 | D:3      | Noticed Grinder
  1443 | D:3      | Paralysed by Grinder for 5 turns
  1486 | D:3      | Reached skill level 8 in Ranged Weapons
  1495 | D:3      | Paralysed by Grinder for 3 turns
  1501 | D:3      | Killed Grinder
  1502 | D:3      | Reached skill level 9 in Ranged Weapons
  1502 | D:3      | Reached XP level 5. HP: 21/29 MP: 7/7
  1502 | D:3      | Reached XP level 6. HP: 24/34 MP: 8/8
  1594 | D:3      | Noticed Natasha
  1601 | D:3      | Killed Natasha
  1651 | D:3      | Noticed Natasha
  1653 | D:3      | 1653 ||| FLEEEEING.
  1656 | D:3      | 1656 ||| FLEEEEING.
  1664 | D:3      | 1664 ||| FLEEEEING.
  1667 | D:3      | 1667 ||| READING scroll of teleportation.
  1774 | D:3      | 1774 ||| FLEEEEING.
  1775 | D:3      | 1775 ||| FLEEEEING.
  1776 | D:3      | 1776 ||| FLEEEEING.
  1777 | D:3      | 1777 ||| FLEEEEING.
  1778 | D:3      | 1778 ||| FLEEEEING.
  1790 | D:3      | 1790 ||| FLEEEEING.
  1832 | D:3      | Found a shimmering blue altar of Sif Muna.
  1832 | D:3      | Found a faded altar of an unknown god.
  1839 | D:3      | Found a faded altar of an unknown god.
  1841 | D:3      | Found a sacrificial altar of Ru.
  1843 | D:3      | Found a white marble altar of Elyvilon.
  2015 | D:3      | Reached skill level 10 in Ranged Weapons
  2134 | D:3      | Reached skill level 3 in Dodging
  2227 | D:3      | Killed Natasha
  2360 | D:3      | Noticed a great orb of eyes
  2361 | D:3      | Found a faded altar of an unknown god.
  2365 | D:3      | Noticed a great orb of eyes
  2369 | D:3      | Noticed a golden eye
  2369 | D:3      | Noticed an eye of devastation
  2520 | D:3      | Noticed Natasha
  2533 | D:3      | Killed Natasha
  2534 | D:3      | Reached skill level 1 in Armour
  2678 | D:3      | 2678 ||| READING scroll labelled CARHUS ASM.
  2744 | D:4      | You fall into a shaft and drop 1 floor!
  2744 | D:5      | Entered Level 5 of the Dungeon
  2775 | D:5      | Reached XP level 7. HP: 24/40 MP: 9/9
  2800 | D:5      | Reached skill level 11 in Ranged Weapons
  2800 | D:5      | HP: 10/40 [poisoned by a scorpion]
  2804 | D:5      | Noticed Edmund
  2805 | D:5      | HP: 4/40 [poisoned by a scorpion]
  2812 | D:5      | Mangled by Edmund

Levels and vault maps discovered:
D:1:      lightli_arrival_lavapool, layout_loops_ring, serial_shops, shop,
          minmay_statues_item
D:2:      layout_basic, grunt_ministairs_5, minmay_pentomino_q4
D:3:      layout_basic, chequers_temple_overflow_minitemple,
          hellmonk_ecumenical_altar_watching_god, uniq_grinder, uniq_natasha
D:4:      layout_cave_pools, uniq_menkaure
D:5:      layout_gridville, uniq_edmund

Skill      XL: |  1  2  3  4  5  6  7 |
---------------+----------------------+-----
Ranged Weapons | 6 7 9 10 11 | 11.0
Fighting       | 2 |  2.0
Dodging        | 3 |  3.0
Armour         | 1 |  1.1
Stealth        | |  1.2

Action                     |  1- 3 |  4- 6 |  7- 9 || total
---------------------------+-------+-------+-------++-------
  Melee: Unarmed           |       |     4 |       ||     4
   Fire: Shortbow          |   111 |   142 |    21 ||   274
    Use: Scroll            |     2 |     3 |       ||     5
         Potion            |     1 |       |       ||     1
 Armour: Leather armour    |     9 |     1 |       ||    10
         Ring mail         |       |    19 |     1 ||    20
         Skin              |       |     9 |       ||     9
  Dodge: Dodged            |    23 |    29 |     5 ||    57

Table legend:
 A = Non-vault XP
 B = Vault XP
 C = Vault XP percentage of total XP
 D = Non-vault monster count
 E = Vault monster count
 F = Vault count percentage of total count
                 A         B        C        D         E       F
            +---------+---------+-------+---------+---------+-------
      Total |     575 |     335 |  36.8 |      67 |       8 |  10.7
            +---------+---------+-------+---------+---------+-------
        D:1 |      44 |       0 |   0.0 |      19 |       0 |   0.0
        D:2 |      80 |      10 |  11.1 |      23 |       6 |  20.7
        D:3 |     237 |     325 |  57.8 |      22 |       2 |   8.3
        D:4 |       1 |       0 |   0.0 |       1 |       0 |   0.0
        D:5 |     213 |       0 |   0.0 |       2 |       0 |   0.0
            +---------+---------+-------+---------+---------+-------
